 Dungeon Crawl Stone Soup version 0.30-a0-776-g08fbeb92c1 (webtiles) character file.

Game seed: 6843331828008269778

2 DEFE the Magician (level 1, 0/15 HPs)
             Began as a Demonspawn Wanderer on Feb 13, 2023.
             Slain by a goblin
             ... wielding a +0 club
              (3 damage)
             ... on level 1 of the Dungeon.
             The game lasted 00:00:09 (30 turns).

DEFE the Magician (Demonspawn Wanderer)               Turns: 30, Time: 00:00:10

Health: 0/15       AC:  4    Str: 13    XL:     1   Next: 25%
Magic:  4/4        EV: 10    Int: 12    God:
Gold:   0          SH:  0    Dex: 12    Spells: 6/6 levels left

rFire   . . .      SeeInvis .    a - +0 club
rCold   . . .      Faith    .    (no shield)
rNeg    . . .      Spirit   .    c - +0 leather armour
rPois   .          Reflect  .    d - +0 helmet
rElec   .          Harm     .    (no cloak)
rCorr   .          Rampage  .    (no gloves)
Will    .....                    (no boots)
Stlth   ++                       (no amulet)
HPRegen 0.22/turn                (no ring)
MPRegen 0.09/turn                (no ring)

@: no status effects
A: no striking features
a: no special abilities


You were on level 1 of the Dungeon.
You visited 1 branch of the dungeon, and saw 1 of its levels.

Inventory:

Hand Weapons
 a - a +0 club (weapon)
Armour
 c - a +0 leather armour (worn)
 d - a +0 helmet (worn)
Scrolls
 b - a scroll of fog


   Skills:
 + Level 1.3 Fighting
 - Level 1.7 Stealth
 - Level 3.0 Spellcasting
 - Level 2.0 Summonings
 - Level 1.0 Evocations


You had 6 spell levels left.
You didn't know any spells.
Your spell library contained the following spells:

 Spells                   Type           Power      Damage    Failure   Level
 Summon Small Mammal      Summ           24%        N/A       14%         1
 Sandblast                Erth           2%         2d4       30%         1
 Shock                    Conj/Air       4%         1d3       30%         1
 Call Canine Familiar     Summ           6%         N/A       38%         3
 Lesser Beckoning         Tloc           2%         N/A       43%         2
 Portal Projectile        Hex/Tloc       2%         N/A       67%         3


Dungeon Overview and Level Annotations

Branches:
Dungeon (1/15)

Altars:


Message History

The quokka closely misses you.
You hit the quokka but do no damage. The quokka misses you.
The quokka bites you.
You take 4 damage, and have 10/15 hp.
MASSIVE DAMAGE!!
You hit the quokka. The quokka barely misses you.
You hit the quokka. The quokka closely misses you.
The quokka barely misses you.
You hit the quokka but do no damage.
The quokka bites you but does no damage.
You barely miss the quokka.
The quokka bites you but does no damage.
The quokka closely misses you.
You hit the quokka.
You kill the quokka!
You closely miss the kobold. The kobold barely misses you.
You completely miss the kobold. The kobold hits you with a +0 club.
A goblin comes into view. It is wielding a +0 club.
The kobold hits you with a +0 club.
You take 5 damage, and have 7/15 hp.
MASSIVE DAMAGE!!
You hit the kobold.
You kill the kobold!
Found a stone staircase leading down.
Items here: ( ) ††.
Unknown command.
Items here: ( ) ††.
You barely miss the goblin. The goblin hits you but does no damage.
You closely miss the goblin.
An endoplasm comes into view.
The goblin hits you with a +0 club.
You take 1 damage, and have 7/15 hp.
You hit the goblin. The goblin hits you with a +0 club.
The goblin hits you but does no damage.
You take 1 damage, and have 6/15 hp.
You closely miss the goblin. The goblin hits you with a +0 club.
* * * LOW HITPOINT WARNING * * *
You take 3 damage, and have 3/15 hp.
You closely miss the goblin. The goblin hits you with a +0 club.
You die...

#.###.#
#.....#
#.....#
#.....#
###'### #..#
##.# #.# #@#
#g# #...#
#.J....
#.....$...
#.>.......#..
#............
#............
##.......##..


You could see an endoplasm and a goblin.

Vanquished Creatures
  A quokka (D:1)
  A kobold (D:1)
2 creatures vanquished.

Notes
Turn   | Place    | Note
-------+----------+-------------------------------------------
     0 | D:1      | DEFE the Demonspawn Wanderer began the quest for the Orb.
     0 | D:1      | DEFE set off with the following items: a +0 club, a scroll
                  | of fog, a +0 leather armour, a +0 helmet; and the following
                  | spells available to memorise: Summon Small Mammal,
                  | Sandblast, Shock, Call Canine Familiar, Lesser Beckoning,
                  | Portal Projectile.
     0 | D:1      | Reached XP level 1. HP: 15/15 MP: 4/4
    30 | D:1      | Slain by a goblin

Illustrated notes

Levels and vault maps discovered:
D:1:      nicolae_arrival_memento_mori, layout_loops_cross, serial_park_tiny_2

Action                     || total
---------------------------++-------
  Melee: Club              ||    16
 Armour: Leather armour    ||     5
  Dodge: Dodged            ||     7

Table legend: (Time is in decaauts)
 A = Elapsed time spent in this place.
 B = Non-inter-level travel time spent in this place.
 C = Inter-level travel time spent in this place.
 D = Time resting spent in this place.
 E = Time spent auto-exploring this place.
 F = Levels seen in this place.
 G = Mean time per level.
                   A        B        C        D        E       F      G
               +--------+--------+--------+--------+--------+-----+--------+
         Total |     34 |     34 |      0 |      0 |      9 |   1 |   34.0 |
       Dungeon |     34 |     34 |      0 |      0 |      9 |   1 |   34.0 |
               +--------+--------+--------+--------+--------+-----+--------+

Top non-repeatable levels by time:
     D:1: 34 daAuts
